Map: Oceanborn LE

Players

Zeratul

  • Race: Terran Terran
  • Spawn Location: 11:00

VOD

Have the link to the VOD?

Description

Time

  • Played on: Oct. 3, 2024, 7:29 p.m.
  • Length: 8:47
Show
View Real Time Build Order
Export as new Build Order

Zeratul Terran 

Build Orders:  

Get SALT Encoding   

  12  0:00  SCV  
  13  0:17  SCV  
  14  0:24  Supply Depot  
  14  0:34  SCV  
  15  0:54  SCV  
  15  0:56  Barracks  
  16  1:03  Refinery  
  16  1:11  SCV  
  17  1:28  SCV  
  18  1:45  SCV  
  19  2:02  Orbital Command  
  19  2:08  Reaper  
  20  2:22  Command Center  
  20  2:39  SCV  
  21  2:43  Supply Depot  
  21  2:48  Marine  
  22  2:56  SCV  
  22  2:59  Factory  
  23  3:09  Refinery  
  23  3:13  SCV  
  24  3:23  Barracks Reactor  
  24  3:27  Refinery  
  24  3:30  SCV  
  25  3:40  Barracks  
  25  3:47  SCV  
  26  4:03  Factory Tech Lab  
  26  4:04  SCV  
  26  4:08  Orbital Command  
  27  4:19  Starport  
  27  4:21  SCV  
  27  4:27  Stimpack  
  28  4:35  Marine  
  28  4:36  Marine  
  28  4:38  SCV  
  31  4:40  Factory Reactor  
  31  4:44  SCV  
  32  4:55  SCV  
  32  4:58  Marine  
  34  5:01  SCV  
  35  5:12  SCV  
  35  5:18  SCV  
  40  5:24  Supply Depot  
  40  5:29  SCV  
  41  5:35  SCV  
  42  5:42  Fusion Core  
  42  5:45  Factory Reactor  
  42  5:46  SCV  
  43  5:52  SCV  
  44  6:00  Refinery, Supply Depot  
  44  6:03  SCV  
  44  6:08  Marine x2  
  44  6:09  Starport, SCV  
  48  6:12  Unknown  
  48  6:20  SCV  
  48  6:26  SCV  
  48  6:27  Supply Depot  
  53  6:37  SCV  
  53  6:38  Barracks  
  54  6:43  SCV  
  54  6:49  Barracks  
  55  6:54  SCV  
  56  7:00  SCV  
  57  7:11  Factory Reactor, SCV  
  57  7:17  Marine x2  
  60  7:21  Barracks  
  60  7:24  Barracks  
  60  7:28  Unknown  
  60  7:38  Supply Depot  
  66  7:46  Medivac  
  68  7:51  Marine x2  
  72  8:11  Marine  
  72  8:12  Marine  
  74  8:39  Unknown x2  
  78  8:42  Unknown  
Tags
 
Add a new tag
Caveats
  • Supply blocks, unpowered buildings, or Contaminate may cause inaccurate times.
  • Supply counts are checked every 10 seconds.